 Dungeon Crawl Stone Soup version 0.30-b1-2-g02819fbbbe (webtiles) character file.

Game seed: 2757034700214161171

590 Fartwhistle the Changer (level 7, -3/52 HPs)
             Began as a Black Draconian Transmuter on June 7, 2023.
             Was a Follower of Makhleb.
             Killed from afar by a white imp (11 damage)
             ... with a puff of frost
             ... on level 5 of the Dungeon.
             The game lasted 00:10:07 (4760 turns).

Fartwhistle the Changer (DrTm)                      Turns: 4760, Time: 00:10:08

Health: -3/52      AC:  6    Str: 13    XL:     7   Next: 15%
Magic:  13/13      EV: 19    Int: 15    God:    Makhleb [*.....]
Gold:   189        SH:  0    Dex: 16    Spells: 3/14 levels left

rFire   + .          .
                       - Unarmed
rCold   . . .        (shield currently unavailable)
rNeg    . . .        (body armour unavailable)
rPois   x            (helmet currently unavailable)
rElec   .            (cloak currently unavailable)
rCorr   .            (gloves currently unavailable)
SInv    .            (boots currently unavailable)
Will    .....        c - amulet of magic regeneration
Stlth   +            r - +4 ring of protection
HPRegen 0.28/turn    q - ring of protection from fire
MPRegen 0.53/turn

%: no passive effects
@: spider-form, studying Unarmed Combat
A: venomous fangs, (breathe lightning), AC +6, tiny, unfitting armour,
(electricity resistance), (cold-blooded)
a: End Transformation, Renounce Religion


You were on level 5 of the Dungeon.
You worshipped Makhleb.
Makhleb was aware of your devotion.
You were a venomous arachnid creature.
You visited 1 branch of the dungeon, and saw 6 of its levels.

You collected 255 gold pieces.
You spent 66 gold pieces at shops.

Inventory:

Missiles
 i - 5 curare-tipped darts
Jewellery
 c - an amulet of magic regeneration (around neck)
 q - a ring of protection from fire (right front pincers)
 r - a +4 ring of protection (left front pincers)
 s - a ring of protection from cold
 w - a ring of fire
Scrolls
 b - a scroll of amnesia {unknown}
 e - a scroll of enchant weapon {unknown}
 f - 4 scrolls of fog
 h - a scroll of immolation {unknown}
 j - a scroll of summoning {unknown}
 l - 2 scrolls of vulnerability
 n - 2 scrolls of brand weapon {unknown}
 p - 3 scrolls of teleportation
 u - a scroll of magic mapping {unknown}
 v - 3 scrolls of fear {unknown}
Potions
 a - a potion of lignification
 d - a potion of heal wounds
 g - a potion of ambrosia
 k - 3 potions of attraction
 m - a potion of invisibility
 o - 3 potions of berserk rage
 t - a potion of resistance {unknown}
 x - a potion of haste


   Skills:
 - Level 1.1 Fighting
 - Level 1.8 Dodging
 + Level 4.3 Unarmed Combat
 + Level 4.0 Spellcasting
 * Level 6.0 Transmutations
 - Level 2.0 Poison Magic


You had 3 spell levels left.
You knew the following spells:

 Your Spells              Type           Power      Damage    Failure   Level
a - Beastly Appendage     Tmut           42%        N/A       7%          1
b - Wereblood             Tmut           21%        N/A       9%          2
c - Spider Form           Tmut/Pois      15%        N/A       26%         3
d - Blade Hands           Tmut           10%        N/A       61%         5

Your spell library contained the following spells:

 Spells                   Type           Power      Damage    Failure   Level
 Passwall                 Tmut/Erth      10%        N/A       21%         2
 Necrotise                Necr           12%        1d4       38%         1
 Sandblast                Erth           6%         2d5       38%         1
 Lesser Beckoning         Tloc           6%         N/A       47%         2
 Gell's Gravitas          Tloc           3%         N/A       69%         3
 Portal Projectile        Hex/Tloc       6%         N/A       69%         3
 Stone Arrow              Conj/Erth      6%         3d7       69%         3
 Teleport Other           Tloc           3%         N/A       69%         3
 Tukima's Dance           Hex            3%         N/A       69%         3
 Vampiric Draining        Necr           3%         2d6       69%         3
 Ice Form                 Ice/Tmut       12%        N/A       67%         4
 Agony                    Necr           3%         N/A       100%        5


Dungeon Overview and Level Annotations

Branches:
Dungeon (6/15)             Temple (0/1) D:5

Altars:
Dithmenos
Elyvilon
Hepliaklqana
Makhleb
Qazlal
Ru
Sif Muna
Vehumet
Xom
Yredelemnul

Shops:
D:3 ?


Innate Abilities, Weirdness & Mutations

You are a venomous arachnid creature.
You have venomous fangs.
You are tiny and dextrous.
Your spellcasting is less reliable in this form.
Your armour is entirely melded.
You are incapable of wielding weapons or throwing items.
((You can breathe wild blasts of lightning.))
((Your glossy black scales are hard. (AC +6)))
You cannot fit into any form of body armour.
((You are resistant to electric shocks. (rElec)))
((You are cold-blooded and may be slowed by cold attacks.))


Message History

Nothing appears to happen.
The white imp barely misses you.
You climb upwards.
There is a stone staircase leading down here.
You hit the white imp.
The white imp is lightly wounded.
The white imp gestures at you. The puff of frost hits you.
Casting: Spider Form (dangerous; 11% risk of failure)
Confirm with . or Enter, or press ? or * to list all spells.
You turn into a venomous arachnid creature.
The white imp gestures at you. The puff of frost hits you!
You hit the white imp.
The white imp is poisoned.
The white imp is moderately wounded.
The white imp hits you. The white imp freezes you.
You hit the white imp.
The white imp is heavily wounded.
You have got your breath back.
The white imp hits you. The white imp freezes you.
Your magical contamination has completely faded away.
You are too injured to fight recklessly!
You are too injured to fight recklessly!
The white imp attacks as you move away! The white imp misses you.
The white imp gestures at you. The puff of frost hits you!
* * * LOW HITPOINT WARNING * * *
The white imp gestures at you. The puff of frost misses you.
Okay, then.
The white imp looks more healthy.
The white imp gestures at you. The puff of frost hits you.
* * * LOW HITPOINT WARNING * * *
You aren't carrying any items that you can evoke.
You can't do that in your present form.
The white imp shouts, "Begone, thou warped toad-spotted puttock!"
The white imp gestures at you. The puff of frost hits you!
You die...

###.###...#
#....#....#
#....#....#
#....#....#
###.###'### ####
.##.###.##########..##
.....................#
.....................#
#######'##.##.##s##.##
....##..##.##.##.####
............รท.....#
..................#
.................##
...............5>.#
....###+#####.....#
....##.....##....##
..................#


You could see a white imp.

Vanquished Creatures
  A sky beast (D:4)
  A phantom (D:5)
  2 jellies
  2 hounds (D:5)
  2 iguanas (D:5)
  A sleepcap (D:4)
  An orc wizard (D:3)
  7 gnolls
  3 adders
  An ufetubus (D:5)
  A worm (D:2)
  A dart slug (D:2)
  12 orcs
  An endoplasm (D:3)
  7 giant cockroaches
  5 goblins
  6 hobgoblins
  2 jackals (D:4)
  12 kobolds
  5 quokkas (D:1)
  7 ball pythons
  6 bats
  4 frilled lizards
  9 rats
99 creatures vanquished.

Vanquished Creatures (others)
  4 plants (D:5)
4 creatures vanquished.

Grand Total: 103 creatures vanquished

Notes
Turn   | Place    | Note
-------+----------+-------------------------------------------
     0 | D:1      | Fartwhistle the Draconian Transmuter began the quest for
                  | the Orb.
     0 | D:1      | Reached XP level 1. HP: 16/16 MP: 3/3
   241 | D:1      | Reached XP level 2. HP: 16/23 MP: 3/5
   368 | D:1      | Learned a level 2 spell: Wereblood
   716 | D:1      | Reached skill level 3 in Transmutations
   875 | D:1      | Reached XP level 3. HP: 28/28 MP: 6/6
  1574 | D:2      | Found a faded altar of an unknown god.
  1664 | D:2      | Learned a level 3 spell: Spider Form
  1913 | D:2      | Reached XP level 4. HP: 35/35 MP: 5/8
  2149 | D:3      | Found a burning altar of Makhleb.
  2199 | D:3      | Became a worshipper of Makhleb the Destroyer
  2352 | D:3      | Found Mottaezekh's Magic Scroll Shop.
  2361 | D:3      | Bought a scroll of teleportation for 33 gold pieces
  2361 | D:3      | Bought a scroll of teleportation for 33 gold pieces
  2524 | D:3      | Found a basalt altar of Yredelemnul.
  2527 | D:3      | Found a hazy altar of Hepliaklqana.
  2532 | D:3      | Found a shimmering blue altar of Sif Muna.
  2533 | D:3      | Found a radiant altar of Vehumet.
  2899 | D:4      | Reached skill level 4 in Transmutations
  2899 | D:4      | Reached skill level 1 in Poison Magic
  3049 | D:3      | Reached XP level 5. HP: 13/40 MP: 9/9
  3416 | D:4      | Found a stormy altar of Qazlal.
  3425 | D:4      | Noticed a sky beast
  3435 | D:4      | Killed a sky beast
  3504 | D:4      | Reached XP level 6. HP: 38/47 MP: 9/11
  3508 | D:4      | Reached * piety under Makhleb
  3509 | D:4      | Reached skill level 5 in Transmutations
  3564 | D:4      | Found a shimmering altar of Xom.
  3565 | D:4      | Found a shimmering altar of Xom.
  3565 | D:4      | Found a shimmering altar of Xom.
  3569 | D:4      | Found a shimmering altar of Xom.
  3569 | D:4      | Found a shimmering altar of Xom.
  3569 | D:4      | Found a shimmering altar of Xom.
  3597 | D:4      | Learned a level 5 spell: Blade Hands
  3794 | D:5      | Entered Level 5 of the Dungeon
  4028 | D:5      | Found a staircase to the Ecumenical Temple.
  4116 | D:5      | Found a sacrificial altar of Ru.
  4217 | D:5      | Your scales start taking on a glossy black colour.
  4217 | D:5      | Reached XP level 7. HP: 49/52 MP: 12/12
  4217 | D:5      | Gained mutation: You are resistant to electric shocks.
                  | (rElec) [Black Draconian growth]
  4409 | D:5      | Reached skill level 6 in Transmutations
  4427 | D:5      | Identified the +1 pair of boots of Beyond {-Cast rElec
                  | Will+ Dex+5}
  4647 | D:5      | Found a white marble altar of Elyvilon.
  4744 | D:6      | Found a shadowy altar of Dithmenos.
  4760 | D:5      | Killed from afar by a white imp

Illustrated notes

Levels and vault maps discovered:
D:1:      elethiomel_arrival_maze, layout_basic, nrook_mini_backslash
D:2:      layout_basic, serial_corexii_hall, corexii_hall_statues_x,
          chequers_hall_statues_y, shapermc_ecumenical_altar_totnotflames,
          kennysheep_generic_room_2
D:3:      layout_loops_ring, lightli_temple_of_fire, minitemple, serial_shops,
          nicolae_shop_crystal
D:4:      layout_loops_cross, nicolae_qazlal_beasts_of_the_sky, xom_redecorated,
          chequers_serial_rivers_marsh
D:5:      layout_gridville, nicolae_elyvilon_temple_path,
          mainiacjoe_overflow_alcove_2, temple_statues
D:6:      layout_loops_ring, grunt_dithmenos_smoke, serial_co_window_serial,
          co_window_of_opportunity_a, co_window_paths_a, co_window_paths_a,
          co_window_paths_a, co_window_paths_a, co_window_paths_b,
          co_window_paths_a, co_window_broadway_c, co_window_corner_cb,
          co_window_2corner, co_window_4corner_a, glass_columns_a,
          glass_columns_c, glass_columns_a, glass_columns_a, glass_columns_a,
          minmay_joined_circles, uniq_grinder

Skill      XL: |  1  2  3  4  5  6  7 |
---------------+----------------------+-----
Transmutations | 3 4 5 6 |  6.0
Poison Magic   | 1 2 |  2.0
Spellcasting   | 3 4 |  4.0
Unarmed Combat | 4 |  4.3
Fighting       | |  1.1
Dodging        | |  1.8

Action                     |  1- 3 |  4- 6 |  7- 9 || total
---------------------------+-------+-------+-------++-------
  Melee: Unarmed           |   178 |   207 |    43 ||   428
         Tailslap          |    19 |    18 |     3 ||    40
         Kick              |    12 |       |       ||    12
         Headbutt          |     9 |       |       ||     9
         Punch             |     1 |     4 |     1 ||     6
   Cast: Beastly Appendage |    11 |     1 |       ||    12
         Wereblood         |     2 |     3 |       ||     5
         Spider Form       |       |    10 |     4 ||    14
Ability: Breathe Lightning |       |       |     1 ||     1
    Use: Scroll            |       |     6 |     2 ||     8
   Stab: Sleeping          |     1 |       |     1 ||     2
 Armour: Skin              |    53 |    69 |    12 ||   134
  Dodge: Dodged            |   117 |   154 |    25 ||   296
